 Dungeon Crawl Stone Soup version 0.21-a0-414-gba8bdf1 (webtiles) character file.

541746 Moloch the Executioner (level 25, -6/172 HPs)
             Began as a Minotaur Fighter on Nov 1, 2017.
             Was an Elder of Makhleb.
             Mangled by a titan (41 damage)
             ... created by the fury of Okawaru
             ... on level 3 of the Abyss on Nov 2, 2017.
             The game lasted 03:15:44 (59479 turns).

Moloch the Executioner (Minotaur Fighter)          Turns: 59479, Time: 03:15:46

Health: -6/172     AC: 18    Str: 26      XL:     25   Next: 28%
Magic:  26/26      EV: 31    Int:  5 (6)  God:    Makhleb [****..]
Gold:   4226       SH:  4    Dex: 30      Spells: 7/48 levels left

rFire    + + +     SeeInvis +   m - +9 executioner's axe (holy)
rCold    + + .     Gourm    .   (shield currently unavailable)
rNeg     . . .     Faith    .   c - +1 ring mail of Life {rElec rPois Str+4}
rPois    +         Spirit   .   C - +0 hat "Qesk" {Dex+7}
rElec    +         Reflect  .   u - scarf {rC+ rF+}
rCorr    .         Harm     .   x - +3 pair of gauntlets of War {Slay+5}
MR       ++++.                  M - +0 pair of boots of Diceun {rF++}
Stlth    ++........             b - amulet of Autumn {RegenMP rElec}
HPRegen  0.00/turn              K - ring of protection from cold
MPRegen  0.45/turn              y - ring "Istratot" {*Slow MR+++ EV+1 Dex+3 SInv}

@: non-regenerating, mildly diseased
A: retaliatory headbutt, claws 2, horns 2, large bone plates 1, thin skeletal
structure 1, yellow scales 1, see invisible, blink, dopey 1, frail 1[+2], low mp
1[+2], mutation resistance 2, inhibited regeneration
}: 2/15 runes: barnacled, gossamer
a: Blink, Minor Destruction, Lesser Servant of Makhleb, Major Destruction,
Renounce Religion


You were on level 3 of the Abyss.
You worshipped Makhleb.
Makhleb was greatly pleased with you.
You were not hungry.

You visited 10 branches of the dungeon, and saw 47 of its levels.
You visited the Abyss 1 time.
You also visited: Labyrinth, Trove, Sewer, Ice Cave and Wizlab.

You collected 8933 gold pieces.
You spent 4707 gold pieces at shops.

Inventory:

Hand Weapons
 m - a +9 executioner's axe of holy wrath (weapon)
 N - the +11 battleaxe of the Turnip {venom, rPois rC+}
   (Okawaru gifted it to you on level 12 of the Dungeon)

   It poisons the flesh of those it strikes.
   It protects you from cold.
   It protects you from poison.
 Y - the +6 battleaxe "Migiolum" {chop, rN+++}
   (Okawaru gifted it to you on level 2 of the Depths)

   It inflicts extra damage upon your enemies.
   It renders you almost immune to negative energy.
Missiles
 h - 10 throwing nets (quivered)
Armour
 c - the +1 ring mail of Life (worn) {rElec rPois Str+4}
   (You found it on level 1 of the Spider Nest)

   It affects your strength (+4).
   It insulates you from electricity.
   It protects you from poison.
 s - +0 gold dragon scales
 u - a scarf of resistance (worn)
 x - the +3 pair of gauntlets of War (worn) {Slay+5}
   (You acquired it on level 2 of the Depths)

   It affects your accuracy and damage with ranged weapons and melee attacks
   (+5).
 z - the +0 pair of gloves of Poor Excuses {rF+ Str+3 Int+3}
   (Okawaru gifted it to you on level 2 of the Lair of Beasts)

   It affects your strength (+3).
   It affects your intelligence (+3).
   It protects you from fire.
 C - the +0 hat "Qesk" (worn) {Dex+7}
   (You bought it in a shop on level 8 of the Dungeon)

   It affects your dexterity (+7).
 M - the +0 pair of boots of Diceun (worn) {rF++}
   (Okawaru gifted it to you on level 3 of the Elven Halls)

   It greatly protects you from fire.
Jewellery
 b - the amulet of Autumn (around neck) {RegenMP rElec}
   (You found it in a treasure trove)

   [amulet of magic regeneration]

   It increases your magic regeneration.
   It insulates you from electricity.
 w - the ring "Obrehiag" {-Tele +Fly Dex+6 Slay+5 SInv}
   (You bought it in a shop on level 5 of the Depths)

   [ring of flight]

   It affects your dexterity (+6).
   It affects your accuracy and damage with ranged weapons and melee attacks
   (+5).
   It lets you see invisible.
   It lets you fly.
   It prevents most forms of teleportation.
 y - the ring "Istratot" (right hand) {*Slow MR+++ EV+1 Dex+3 SInv}
   (You found it in a treasure trove)

   [ring of evasion]

   It affects your evasion (+1).
   It affects your dexterity (+3).
   It affects your resistance to hostile enchantments.
   It lets you see invisible.
   It may slow you when you take damage.
 B - an uncursed ring of wizardry
 F - the necklace of Bloodlust {*Rage +Rage MR++ Int-3 Slay+6 *Curse}
   (You found it on level 12 of the Dungeon)

   [amulet of rage]

   It affects your intelligence (-3).
   It affects your accuracy and damage with ranged weapons and melee attacks
   (+6).
   It affects your resistance to hostile enchantments.
   It lets you go berserk.
   It may make you go berserk in combat.
   It curses itself when equipped.
 G - an uncursed ring of resist corrosion
 J - an uncursed amulet of faith
 K - a ring of protection from cold (left hand)
 P - the ring of Foolhardiness {rN+ Str+2}
   (You took it off a deep elf death mage on level 3 of the Elven Halls)

   [ring of positive energy]

   It affects your strength (+2).
   It protects you from negative energy.
 V - an uncursed ring of flight
Wands
 T - a wand of digging (6/24)
Scrolls
 g - 8 scrolls of enchant weapon
 j - 7 scrolls of blinking
 l - 13 scrolls of enchant armour
 o - 24 scrolls of teleportation
 p - 3 scrolls of amnesia
 t - 7 scrolls of identify
 v - 11 scrolls of remove curse
 I - a scroll of magic mapping
 L - 3 scrolls of silence
 R - 3 scrolls of fog
 S - 7 scrolls of recharging
 U - 5 scrolls of torment
 X - 2 scrolls of summoning
 Z - a scroll of holy word
Potions
 a - a potion of resistance
 d - 6 potions of might
 e - 10 potions of heal wounds
 k - 9 potions of flight
 q - 2 potions of invisibility
 r - 6 potions of brilliance
 A - 18 potions of curing
 D - 4 potions of magic
 H - 6 potions of agility
 O - 3 potions of cancellation
 Q - 9 potions of haste
Miscellaneous
 i - a phantom mirror
Comestibles
 f - 25 bread rations
 n - 16 meat rations
 W - a royal jelly


   Skills:
 + Level 24.5 Fighting
 - Level 26.1 Axes
 * Level 17.8 Armour
 * Level 17.4 Dodging
   Level 3.6 Shields
 - Level 12.0 Spellcasting
 - Level 6.3 Charms
 - Level 4.5 Summonings
 - Level 7.2 Necromancy
 - Level 8.0 Transmutations
 - Level 8.0 Earth Magic
 - Level 1.1 Invocations


You had 7 spell levels left.
You knew the following spells:

 Your Spells              Type           Power        Failure   Level  Hunger
a - Regeneration          Chrm/Necr      #.........   3%          3    ###....
b - Summon Butterflies    Summ           #.......     3%          1    None
c - Apportation           Tloc           #.....       21%         1    None
d - Silence               Hex/Air        #.........   99%         5    ######.
e - Tornado               Air            #.........   100%        9    #######
f - Deflect Missiles      Chrm/Air       #.........   100%        6    #######
g - Song of Slaying       Chrm           #.......     2%          2    ##.....
h - Statue Form           Tmut/Erth      ##.......    73%         6    #######
i - Controlled Blink      Tloc           N/A          100%        8    #######


Dungeon Overview and Level Annotations

Branches:
Dungeon (15/15)            Temple (1/1) D:4            Lair (6/6) D:9
 Shoals (4/4) Lair:4       Spider (4/4) Lair:2        Slime (0/5) Lair:6
    Orc (2/2) D:10            Elf (3/3) Orc:2        Vaults (4/5) D:14
  Crypt (3/3) Vaults:3       Tomb (0/3) Crypt:3      Depths (5/5) D:15
    Zot (0/5) Depths:5

Altars:
Ashenzari
Cheibriados
Dithmenos
Elyvilon
Gozag
Hepliaklqana
Kikubaaqudgha
Makhleb
Nemelex Xobeh
Okawaru
Qazlal
Ru
Sif Muna
Trog
Uskayaw
Vehumet
Wu Jian
Xom
Yredelemnul
Zin
The Shining One

Shops:
D:5 :   D:6 (   D:8 }([:*   Orc:1 [   Orc:2 }[%%   Elf:3 [   Shoals:4 *
Vaults:2 (   Vaults:3 =   Vaults:4 !   Depths:5 =}=

Portals:
Hell: Depths:1 Depths:2 Depths:3 Depths:4 Depths:5
Abyss: Depths:2 Depths:4
Pandemonium: Orc:2 Depths:3
Ziggurat: Depths:5

Annotations:
Depths:3 1 runed door


Innate Abilities, Weirdness & Mutations

You reflexively headbutt those who attack you in melee.
You have a pair of horns on your head.
You have very sharp fingernails.
You are partially covered in large bone plates. (SH +4)
You have a somewhat thin skeletal structure. (Dex +2, Stealth)
You are partially covered in yellow scales. (AC +2)
You have supernaturally acute eyesight. (SInv)
You can translocate small distances at will.
You are dopey. (Int -2)
You are somewhat resistant to both further mutation and mutation removal.
You do not regenerate when monsters are visible.
[You are extremely frail. (-30% HP)]
[Your magical capacity is extremely low. (-30% MP)]


Message History

The deep elf blademaster closely misses you.
You furiously retaliate!
You headbutt the deep elf blademaster.
The deep elf blademaster completely misses you.
You slice the titan!! You headbutt the titan!
The titan is heavily wounded.
You miss the deep elf blademaster.
The deep elf blademaster closely misses you.
You furiously retaliate!
You headbutt the deep elf blademaster.
The deep elf blademaster hits you with a short sword.
The titan waves its arms in wide circles.
The air twists around and strikes you!
* * * LOW HITPOINT WARNING * * *
You slash the titan!
The titan is severely wounded.
You closely miss the deep elf blademaster.
The deep elf blademaster hits you with a short sword!
* * * LOW HITPOINT WARNING * * *
The deep elf blademaster hits you but does no damage.
The titan hits you!!!
You die...

# . . . # ##
... .. ..
##.. # #### #
.. ..##.##..
## .## .
.##...'# '.
#..## # .
#.§§>.##. # .
#..#..###'###
# ..
#.C@..#... ..
.# ##e..##
.∩.. ..
...##φ##.....
. #. # ##..
### ..#####
##%. . #. . #
## # . X ...#
#. # .# . ..
. . . ..≈≈..
.. . . / .
#.#≈≈≈### . .
. #. #..≈ ≈#


You could see a titan and a deep elf blademaster.

Vanquished Creatures
  Mennas (Vaults:3)
  3 ancient liches (Crypt:3)
  Mara (Shoals:3)
  A juggernaut (Depths:2)
  Saint Roka (Orc:1)
  A caustic shrike (Depths:4)
  2 golden dragons
  2 bone dragons
  Nikola (Vaults:1)
  4 tentacled monstrosities
  Jorgrun (Vaults:1)
  Rupert (D:15)
  Asterion (Elf:1)
  A shard shrike skeleton (Crypt:3)
  3 liches
  9 titans
  A quicksilver dragon (Vaults:4)
  8 deep elf master archers
  5 deep elf blademasters
  8 sphinxes
  An Executioner (Abyss:2)
  3 krakens
  A thorn hunter (Abyss:3)
  4 ancient champions
  A shadow dragon (Vaults:4)
  Kirke (Spider:3)
  2 storm dragons
  5 tentacled starspawn
  A revenant (Crypt:3)
  A nagaraja (Abyss:3)
  4 tengu reavers
  Ilsuiw (Shoals:4)
  A daeva (Depths:5)
  17 fire giants
  12 vault wardens
  3 ghost moths
  A draconian knight (Depths:5)
  A draconian scorcher (Depths:5)
  8 deep elf sorcerers (Elf:3)
  Louise (Shoals:4)
  3 spriggan defenders
  A cacodemon (Abyss:3)
  15 frost giants
  4 ghouls
  3 deep elf elementalists
  4 emperor scorpions
  2 curse skulls (Crypt:3)
  A war gargoyle (Vaults:4)
  19 stone giants
  21 very ugly things
  4 vampire knights
  7 entropy weavers
  6 ironheart preservers
  Nessos (D:15)
  2 green draconians
  4 black draconians
  10 deep elf annihilators
  4 deep elf demonologists
  5 yellow draconians
  10 spark wasps
  2 red draconians (Depths:5)
  2 white draconians (Crypt:2)
  12 purple draconians
  8 ettins
  A crystal guardian (Vaults:4)
  3 merfolk javelineers
  10 merfolk impalers
  A quicksilver dragon zombie (Crypt:1)
  5 eidola
  9 statues (WizLab)
  A minotaur (Lab)
  6 great orbs of eyes
  2 blizzard demons (IceCv)
  A green death (Abyss:3)
  10 deep elf death magi
  4 jiangshi
  14 fire dragons
  5 ogre magi
  Josephine (D:15)
  9 deep elf high priests
  16 vault guards
  17 yaktaur captains
  3 rakshasas
  A naga warrior (Abyss:2)
  9 ice dragons
  12 hydras
  2 spriggan air magi
  5 merfolk avatars
  20 centaur warriors
  A hell beast (Depths:3)
  26 dancing weapons
  5 satyrs
  21 two-headed ogres
  6 death knights
  8 death scarabs (Spider:4)
  13 death yaks
  6 merfolk aquamancers
  5 deep troll shamans
  5 tengu warriors
  2 titan zombies
  6 spriggan berserkers
  5 deep troll earth magi
  13 small abominations
  8 thrashing horrors
  6 vampire magi
  3 orc high priests
  2 soul eaters
  14 deep elf knights
  A titan skeleton (Crypt:3)
  4 wretched stars
  Urug (D:11)
  A storm dragon zombie (Crypt:1)
  5 iron trolls
  3 shadow wraiths
  5 skeletal warriors
  12 hell knights
  A sixfirhy (Abyss:3)
  A spark wasp zombie (Crypt:2)
  A deep troll (shapeshifter) (Elf:1)
  A gelid demonspawn (Orc:2)
  6 unseen horrors
  An iron giant zombie (Crypt:3)
  14 sea snakes
  13 deep trolls
  A spatial maelstrom (Abyss:3)
  An anaconda zombie (Crypt:3)
  An infernal demonspawn (Orc:2)
  2 swamp dragons
  2 torturous demonspawn (Orc:2)
  2 lindwurms (Lair:6)
  4 glowing orange brains
  4 spectral wolf spiders (Spider:4)
  Pikel (D:8)
  3 wizards
  A spriggan druid (Elf:3)
  15 deep elf archers
  5 flayed ghosts
  6 phantasmal warriors
  13 ironbrand convokers
  11 necromancers
  22 harpies
  An oklob plant (Lair:5)
  21 orc knights
  11 orc sorcerers
  32 ugly things
  A fire giant zombie (Vaults:4)
  14 orb spiders
  4 wolf spider zombies
  61 deep elf magi
  16 fauns
  8 cyclopes
  26 wolf spiders
  A salamander (shapeshifter) (D:15)
  A shining eye (shapeshifter) (Depths:4)
  2 moths of wrath
  27 manticores
  2 worldbinders (Abyss:3)
  A stone giant skeleton (Crypt:1)
  An ice statue (IceCv)
  6 elephants
  5 centaur zombies
  6 merfolk sirens
  3 apocalypse crabs (Abyss:3)
  11 vault sentinels
  7 water nymphs
  2 black mambas (Lair:6)
  A naga mage (Abyss:2)
  A dire elephant zombie (Crypt:1)
  3 guardian serpents
  3 black mambas (shapeshifter)
  A storm dragon simulacrum (Depths:3)
  A spiny frog (shapeshifter) (Vaults:1)
  3 gargoyles
  8 torpor snails
  10 smoke demons
  2 rime drakes
  3 kobold demonologists (D:12)
  16 spiny frogs
  A dire elephant skeleton (Crypt:3)
  A pale draconian zombie (Crypt:1)
  2 komodo dragons (shapeshifter)
  2 hellions (Abyss:3)
  5 komodo dragons
  3 spectral redbacks (Spider:4)
  A grey draconian zombie (Crypt:3)
  2 redback zombies
  56 yaktaurs
  A purple draconian zombie (Crypt:2)
  A swamp worm zombie (Crypt:2)
  6 efreet
  6 guardian mummies
  An anaconda simulacrum (IceCv)
  6 ice devils
  14 freezing wraiths
  A hellwing (Orc:2)
  8 demonic crawlers
  A tengu conjurer (Depths:2)
  3 golden dragon simulacra (IceCv)
  3 ancient zymes
  2 red devils (Orc:2)
  A jumping spider (shapeshifter) (Vaults:1)
  3 spectral tarantellas (Spider:4)
  3 polar bears
  2 wolf spider simulacra (IceCv)
  A queen bee (Spider:3)
  17 trolls
  3 tyrant leeches (Lair:6)
  An alligator zombie (Crypt:3)
  Grinder (D:3)
  31 merfolk
  5 spectral jumping spiders (Spider:4)
  6 wind drakes
  18 jumping spiders
  27 slime creatures
  A raiju (Abyss:3)
  A shadow dragon simulacrum (Crypt:1)
  19 hornets
  2 tarantella zombies (Spider:4)
  A blink frog (shapeshifter) (Depths:2)
  8 dream sheep
  11 blink frogs
  A frost giant simulacrum (Depths:3)
  An iron dragon simulacrum (Depths:3)
  2 meliai zombies
  A dream sheep (shapeshifter) (D:14)
  14 hippogriffs
  A hydra skeleton (Crypt:3)
  A shock serpent simulacrum (Crypt:1)
  7 snapping turtles
  2 jumping spider zombies (Spider:4)
  3 air elementals (Depths:1)
  2 flying skulls (Crypt:3)
  80 redbacks
  25 water elementals
  The ghost of graki42 the Magician, an amateur DEFE (D:4)
  6 centaur simulacra
  A vampire (Abyss:3)
  4 ynoxinuls
  3 shadows
  A wind drake zombie (Crypt:3)
  32 starcursed masses
  An ettin skeleton (Crypt:3)
  82 yaks
  A redback (shapeshifter) (D:14)
  34 tarantellas
  2 dire elephant simulacra (IceCv)
  4 basilisks
  14 wraiths
  A wyvern (shapeshifter) (Vaults:4)
  A fire bat (shapeshifter) (Vaults:4)
  A black mamba zombie (Crypt:1)
  4 hogs (D:7)
  A human (D:7)
  2 wyverns
  A human (shapeshifter) (Depths:4)
  5 golden eyes (Abyss:3)
  8 hungry ghosts
  14 vampire mosquitoes
  7 neqoxecs
  An emperor scorpion simulacrum (Crypt:3)
  2 insubstantial wisps
  5 wargs
  A death yak simulacrum (IceCv)
  A faun zombie (Crypt:1)
  A spatial vortex (Abyss:3)
  2 iron troll simulacra (IceCv)
  14 large abominations
  5 hydra simulacra (IceCv)
  A soldier ant (shapeshifter) (Vaults:3)
  4 acid dragons
  A harpy simulacrum (IceCv)
  A floating eye (D:14)
  3 soldier ants
  5 hell hounds
  7 water moccasins
  A faun skeleton (Crypt:1)
  6 ice beasts
  An infernal demonspawn skeleton (Crypt:2)
  8 porcupines
  64 orc warriors
  4 slaves (D:8)
  3 elf zombies
  2 ettin simulacra
  4 phantoms
  A hornet zombie (D:14)
  5 swamp drakes
  A dream sheep zombie (Crypt:2)
  5 sky beasts
  4 necrophages
  3 eyes of draining
  The ghost of ohad the Changer, an amateur NaTm (D:3)
  An alligator simulacrum (IceCv)
  A black bear (D:11)
  9 ogres
  4 boggarts (Vaults:3)
  16 wolves
  A swamp dragon skeleton (Crypt:1)
  28 centaurs
  A torpor snail zombie (Crypt:1)
  3 big kobolds
  A hippogriff zombie (Crypt:1)
  A salamander zombie (Crypt:3)
  8 crocodiles
  A draconian zombie (Crypt:1)
  15 bullfrogs
  3 earth elementals
  A komodo dragon skeleton (Crypt:1)
  2 wyvern skeletons
  2 scorpions (D:11)
  A raiju zombie (Crypt:2)
  A troll zombie (Crypt:1)
  A water moccasin skeleton (D:6)
  A snapping turtle simulacrum (Crypt:1)
  26 killer bees
  13 wights
  A spriggan skeleton (Crypt:1)
  7 electric eels
  6 howler monkeys
  12 crimson imps
  A bullfrog zombie (D:8)
  A draconian simulacrum (IceCv)
  8 quasits
  4 bullfrog skeletons
  5 hounds
  21 jellies
  38 orc priests
  28 orc wizards
  A black bear skeleton (Crypt:3)
  An iron imp (D:11)
  Jessica (D:3)
  5 centaur skeletons
  2 iguanas
  16 worker ants
  2 troll simulacra (IceCv)
  2 spriggan simulacra (IceCv)
  2 killer bee zombies
  A tengu zombie (Crypt:2)
  A tengu skeleton (Crypt:2)
  14 mummies
  2 hound skeletons
  A worker ant zombie (D:8)
  Robin (D:3)
  4 gnolls (D:7)
  19 adders
  5 naga simulacra (IceCv)
  4 ogre simulacra (IceCv)
  8 shadow imps
  12 white imps
  7 ufetubi
  2 oozes
  2 adder zombies
  2 adder skeletons (D:3)
  6 worms
  2 dart slugs (D:1)
  7 leopard geckos
  121 orcs
  2 ball pythons
  10 bats
  4 giant cockroaches
  14 goblins
  7 hobgoblins
  15 jackals
  8 quokkas
  6 frilled lizards
  A giant cockroach zombie (D:5)
  24 kobolds
  2 leopard gecko skeletons
  2 quokka skeletons
  A quokka zombie (D:7)
  8 rats
  5 briar patches (Abyss:3)
  2 fungi (Lair:6)
  20 plants
  6 starspawn tentacles
  8 tentacles
2579 creatures vanquished.

Vanquished Creatures (others)
  An ironbrand convoker (Vaults:2)
  A deep elf mage (WizLab)
  A slime creature (Depths:1)
  7 humans (Spider:3)
  An ogre (Depths:1)
  An iguana (Lair:6)
  An ufetubus (IceCv)
  A ball lightning (Crypt:2)
  An orc (D:11)
  A briar patch (Abyss:3)
  23 fungi
  A lurking horror (Abyss:3)
  29 plants
  14 starspawn tentacles
  12 tentacles
95 creatures vanquished.

Grand Total: 2674 creatures vanquished

Notes
Turn   | Place    | Note
-------+----------+-------------------------------------------
     0 | D:1      | Moloch the Minotaur Fighter began the quest for the Orb.
     0 | D:1      | Reached XP level 1. HP: 19/19 MP: 0/0
    12 | D:1      | Reached skill level 3 in Axes
   185 | D:1      | Reached XP level 2. HP: 25/26 MP: 1/1
   233 | D:1      | Reached skill level 4 in Axes
   291 | D:1      | Reached XP level 3. HP: 31/31 MP: 2/2
   872 | D:2      | Reached skill level 5 in Axes
   932 | D:2      | Reached XP level 4. HP: 33/40 MP: 3/3
  1476 | D:3      | Noticed Jessica
  1510 | D:3      | Killed Jessica
  1510 | D:3      | Reached skill level 6 in Axes
  1510 | D:3      | Reached XP level 5. HP: 46/46 MP: 4/4
  1517 | D:3      | Found a glowing drain.
  1531 | Sewer    | Entered a sewer
  2125 | D:3      | Noticed ohad's ghost (amateur NaTm)
  2134 | D:3      | Killed ohad's ghost
  2134 | D:3      | Reached skill level 7 in Axes
  2134 | D:3      | Reached XP level 6. HP: 46/52 MP: 5/5
  2230 | D:3      | Noticed Grinder
  2230 | D:3      | Paralysed by Grinder for 6 turns
  2241 | D:3      | Paralysed by Grinder for 5 turns
  2263 | D:3      | Killed Grinder
  2263 | D:3      | Reached skill level 8 in Axes
  2684 | D:3      | Noticed Robin
  2689 | D:3      | Killed Robin
  2830 | D:4      | Reached skill level 5 in Fighting
  2830 | D:4      | Reached XP level 7. HP: 61/61 MP: 6/6
  2835 | D:4      | Reached skill level 9 in Axes
  2867 | D:4      | Found a staircase to the Ecumenical Temple.
  2879 | Temple   | Entered the Ecumenical Temple
  2925 | Temple   | Became a worshipper of Warmaster Okawaru
  3262 | D:4      | Noticed graki42's ghost (amateur DEFE)
  3276 | D:5      | Entered Level 5 of the Dungeon
  3288 | D:4      | Killed graki42's ghost
  3716 | D:5      | Reached skill level 10 in Axes
  3737 | D:5      | Reached XP level 8. HP: 52/70 MP: 7/7
  3797 | D:5      | Reached * piety under Okawaru
  4333 | D:5      | Reached skill level 11 in Axes
  4439 | D:5      | Found Cisol's Book Shoppe.
  4810 | D:6      | Found Lacowkaj's Antique Weapon Shoppe.
  4829 | D:6      | Bought a faintly glowing broad axe for 207 gold pieces
  4829 | D:6      | Identified the +7 broad axe of the Median {venom, +Inv Str-5 Int+5} (You bought it in a shop on level 6 of the Dungeon)
  5030 | D:6      | Found a shadowy altar of Dithmenos.
  5121 | D:6      | Reached skill level 12 in Axes
  5246 | D:7      | Reached ** piety under Okawaru
  5576 | D:7      | Reached XP level 9. HP: 73/79 MP: 8/8
  5643 | D:7      | Reached *** piety under Okawaru
  5643 | D:7      | Reached skill level 13 in Axes
  6446 | D:8      | Reached skill level 14 in Axes
  6476 | D:8      | Noticed a two-headed ogre
  6479 | D:8      | Noticed a two-headed ogre
  6493 | D:8      | Killed a two-headed ogre
  6493 | D:8      | Reached **** piety under Okawaru
  6493 | D:8      | Reached XP level 10. HP: 31/91 MP: 9/9
  6792 | D:6      | Bought a bloodstained war axe for 195 gold pieces
  6792 | D:6      | Identified the +6 war axe of the Hierophant {freeze, Fragile Int+6} (You bought it in a shop on level 6 of the Dungeon)
  6839 | D:8      | Killed a two-headed ogre
  6863 | D:8      | Found Plog's Book Boutique.
  6881 | D:8      | Learned a level 3 spell: Regeneration
  6917 | D:8      | Found Xaskowk's General Store.
  7013 | D:9      | Reached skill level 15 in Axes
  7064 | D:9      | Found a staircase to the Lair.
  7109 | D:9      | Reached ***** piety under Okawaru
  7124 | D:9      | Reached skill level 10 in Fighting
  7311 | D:9      | Received a gift from Okawaru
  7552 | D:8      | Noticed Pikel
  7577 | D:8      | Killed Pikel
  7577 | D:8      | Received a gift from Okawaru
  7577 | D:8      | Reached skill level 16 in Axes
  7679 | D:8      | Found Usihuor's Antique Weapon Emporium.
  7693 | D:8      | Found Coamaup's Armour Boutique.
  7722 | D:8      | Found Cize's Gadget Boutique.
  7831 | Lair:1   | Entered Level 1 of the Lair of Beasts
  7880 | Lair:1   | Noticed a spiny frog
  7889 | Lair:1   | Killed a spiny frog
  7936 | Lair:1   | Noticed a spiny frog
  7939 | Lair:1   | Killed a spiny frog
  7939 | Lair:1   | Reached XP level 11. HP: 78/101 MP: 10/10
  8144 | Lair:1   | Reached skill level 1 in Dodging
  8526 | Lair:2   | Noticed a death yak
  8526 | Lair:2   | Noticed a death yak
  8527 | Lair:2   | Noticed a death yak
  8530 | Lair:2   | Noticed a death yak
  8538 | Lair:2   | Killed a death yak
  8884 | Lair:1   | Killed a death yak
  8884 | Lair:1   | Reached skill level 5 in Armour
  8904 | Lair:1   | Killed a death yak
  9128 | Lair:2   | Killed a death yak
  9128 | Lair:2   | Reached skill level 17 in Axes
  9160 | Lair:2   | Found a hole to the Spider Nest.
  9195 | Lair:2   | Received a gift from Okawaru
  9198 | Lair:2   | Reached ****** piety under Okawaru
  9201 | Lair:2   | Got a pair of twisted gloves {god gift}
  9207 | Lair:2   | Identified the +0 pair of gloves of Poor Excuses {rF+ Str+3 Int+3} (Okawaru gifted it to you on level 2 of the Lair of Beasts)
  9822 | Lair:3   | Noticed a death yak
  9823 | Lair:3   | Noticed a death yak
  9823 | Lair:3   | Noticed a death yak
  9823 | Lair:3   | Noticed a death yak
  9824 | Lair:3   | Noticed a death yak
  9849 | Lair:2   | Killed a death yak
  9867 | Lair:3   | Reached XP level 12. HP: 95/113 MP: 8/11
  9970 | Lair:3   | Killed a death yak
 10165 | Lair:3   | Noticed a death yak
 10191 | Lair:3   | Killed a death yak
 10191 | Lair:3   | Killed a death yak
 10198 | Lair:3   | Killed a death yak
 10205 | Lair:3   | Killed a death yak
 10759 | Lair:3   | Received a gift from Okawaru
 11078 | Lair:4   | Reached skill level 10 in Armour
 11088 | Lair:4   | Noticed a death yak
 11088 | Lair:4   | Noticed a death yak
 11089 | Lair:4   | Noticed a death yak
 11105 | Lair:4   | Killed a death yak
 11110 | Lair:4   | Killed a death yak
 11116 | Lair:4   | Killed a death yak
 11150 | Lair:4   | Reached skill level 18 in Axes
 11606 | Lair:4   | Received a gift from Okawaru
 11965 | Lair:4   | Found a staircase to the Shoals.
 12481 | Lair:5   | Reached XP level 13. HP: 125/125 MP: 12/12
 13466 | Lair:6   | Entered Level 6 of the Lair of Beasts
 13719 | Lair:5   | Reached skill level 15 in Fighting
 13954 | Lair:6   | Found a staircase to the Slime Pits.
 14155 | Lair:6   | Received a gift from Okawaru
 14170 | Lair:6   | Reached skill level 1 in Invocations
 14486 | Lair:6   | Noticed a fire dragon
 14507 | Lair:6   | Killed a fire dragon
 15029 | Lair:6   | Reached skill level 19 in Axes
 15029 | Lair:6   | Reached XP level 14. HP: 126/137 MP: 13/13
 15132 | Lair:6   | Found a runed door.
 15664 | D:8      | Bought the cursed +0 hat "Qesk" {Dex+7} for 227 gold pieces
 15726 | D:10     | Entered Level 10 of the Dungeon
 15900 | D:10     | Found a staircase to the Orcish Mines.
 15969 | Orc:1    | Entered Level 1 of the Orcish Mines
 16161 | Orc:2    | Entered Level 2 of the Orcish Mines
 16267 | Orc:2    | Found a staircase to the Elven Halls.
 16531 | Orc:2    | Reached skill level 1 in Spellcasting
 16556 | Orc:2    | Noticed Saint Roka
 16834 | Orc:1    | Killed Saint Roka
 16834 | Orc:1    | Received a gift from Okawaru
 17077 | Orc:1    | Found Imit Emet's Antique Armour Shoppe.
 17114 | Orc:1    | Bought a crude plate armour for 980 gold pieces
 17114 | Orc:1    | Bought a steaming chain mail for 332 gold pieces
 17124 | Orc:1    | Identified the +3 plate armour "Ijuemeg" {Dex+2} (You bought it in a shop on level 1 of the Orcish Mines)
 17135 | Orc:1    | Identified the +3 chain mail of the Forest {Dex+5} (You bought it in a shop on level 1 of the Orcish Mines)
 17774 | Orc:2    | Found Miwkeo's Food Emporium.
 17831 | Orc:2    | Found Fanwott's Food Shoppe.
 18673 | Orc:2    | Received a gift from Okawaru
 18752 | Orc:2    | Paralysed by an orc sorcerer for 7 turns
 18930 | Orc:2    | Reached skill level 1 in Charms
 18939 | Orc:2    | Found Jiffurik's Antique Armour Shop.
 18939 | Orc:2    | Found a one-way gate leading to the halls of Pandemonium.
 18939 | Orc:2    | Found Yhetyen's Gadget Boutique.
 19313 | D:11     | Noticed Urug
 19333 | D:11     | Found a labyrinth entrance.
 19337 | Lab      | Entered a labyrinth
 19608 | Lab      | Reached skill level 1 in Necromancy
 19778 | Lab      | Identified a +0 pair of boots of running (You found it in a labyrinth)
 19788 | D:11     | Reached XP level 15. HP: 139/147 MP: 14/18
 19791 | D:11     | Killed Urug
 20592 | D:11     | Found a shimmering altar of Xom.
 21166 | D:12     | Gained mutation: Your flesh is heat resistant. (rF+) [mutagenic meat]
 21167 | D:12     | Gained mutation: You are partially covered in large bone plates. (SH +4) [mutagenic meat]
 21169 | D:12     | Gained mutation: You are partially covered in iridescent scales. (AC +2) [mutagenic meat]
 21170 | D:12     | Gained mutation: You are agile. (Dex +2) [mutagenic meat]
 21254 | D:12     | Reached skill level 20 in Axes
 21451 | D:12     | Found the cursed necklace of Bloodlust {*Rage +Rage MR++ Int-3 Slay+6 *Curse}
 21634 | D:12     | Received a gift from Okawaru
 21648 | D:12     | Got an ichor-stained battleaxe {god gift}
 22070 | D:13     | Learned a level 1 spell: Summon Butterflies
 22100 | D:13     | Found an opulent altar of Gozag.
 22125 | D:13     | Learned a level 1 spell: Apportation
 22628 | D:14     | Received a gift from Okawaru
 22650 | D:14     | Reached skill level 1 in Summonings
 22858 | D:14     | Found a gate to the Vaults.
 23131 | D:14     | Paralysed by a floating eye for 4 turns
 23197 | D:14     | Reached skill level 21 in Axes
 23439 | D:14     | Reached XP level 16. HP: 146/157 MP: 21/21
 23647 | D:15     | Entered Level 15 of the Dungeon
 23647 | D:15     | Noticed Nessos
 23665 | D:15     | Killed Nessos
 23676 | D:15     | Received a gift from Okawaru
 23715 | D:15     | Noticed Josephine
 23722 | D:15     | Noticed Rupert
 23724 | D:15     | Killed Josephine
 23736 | D:15     | Killed Rupert
 23941 | D:15     | Found a staircase to the Depths.
 23991 | D:15     | Identified the +11 battleaxe of the Turnip {venom, rPois rC+} (Okawaru gifted it to you on level 12 of the Dungeon)
 24485 | Spider:1 | Entered Level 1 of the Spider Nest
 24518 | Spider:1 | Got a scorched ring mail
 24529 | Spider:1 | Identified the cursed +1 ring mail of Life {rElec rPois Str+4} (You found it on level 1 of the Spider Nest)
 25699 | Spider:2 | Reached skill level 22 in Axes
 25713 | Spider:2 | Received a gift from Okawaru
 27023 | Spider:3 | Noticed Kirke
 27029 | Spider:3 | Killed Kirke
 27352 | Spider:3 | Received a gift from Okawaru
 27354 | Spider:3 | Reached skill level 5 in Spellcasting
 27410 | Spider:3 | Reached skill level 23 in Axes
 27427 | Spider:3 | Reached XP level 17. HP: 83/163 MP: 0/23
 28257 | Spider:4 | Entered Level 4 of the Spider Nest
 28943 | Spider:4 | Reached skill level 5 in Dodging
 29648 | Spider:4 | Received a gift from Okawaru
 29913 | Spider:4 | Reached skill level 5 in Charms
 30302 | Spider:4 | Got a steaming longbow {god gift}
 30303 | Spider:4 | Identified the +8 longbow "Yqag" {flame, Str+2} (Okawaru gifted it to you on level 4 of the Spider Nest)
 30324 | Spider:4 | Got a gossamer rune of Zot
 30507 | Shoals:1 | Entered Level 1 of the Shoals
 31062 | Shoals:1 | Received a gift from Okawaru
 31527 | Shoals:2 | Found a frozen archway.
 31531 | IceCv    | Entered an ice cave
 32217 | IceCv    | Reached XP level 18. HP: 108/173 MP: 26/26
 32348 | IceCv    | Got a steaming hat
 32359 | IceCv    | Identified the +2 hat of Fortitude {Str+3} (You found it in an ice cave)
 32557 | Shoals:2 | Received a gift from Okawaru
 33442 | Shoals:3 | Received a gift from Okawaru
 33717 | Shoals:3 | Noticed Mara
 33755 | Shoals:3 | Killed Mara
 33974 | Shoals:4 | Entered Level 4 of the Shoals
 34006 | Shoals:4 | Noticed Louise
 34238 | Shoals:4 | Killed Louise
 34449 | Shoals:4 | Reached skill level 24 in Axes
 34623 | Shoals:4 | Found Areot's Assorted Antiques.
 34958 | Shoals:4 | Noticed Ilsuiw
 34977 | Shoals:4 | Killed Ilsuiw
 35286 | Shoals:4 | Reached XP level 19. HP: 134/183 MP: 28/28
 35304 | Shoals:4 | Got a barnacled rune of Zot
 35696 | D:14     | Learned a level 5 spell: Silence
 35706 | D:14     | Learned a level 9 spell: Tornado
 35713 | D:14     | Learned a level 6 spell: Deflect Missiles
 35721 | Vaults:1 | Entered Level 1 of the Vaults
 35967 | Vaults:1 | Received a gift from Okawaru
 35986 | Vaults:1 | Gained mutation: You can translocate small distances at will. [mutagenic meat]
 35987 | Vaults:1 | Gained mutation: You are weak. (Str -2) [mutagenic meat]
 35990 | Vaults:1 | Gained mutation: You have sharp toenails. [mutagenic meat]
 36203 | Vaults:1 | Reached skill level 15 in Armour
 36213 | Vaults:1 | Gained mutation: You are dopey. (Int -2) [mutagenic meat]
 36214 | Vaults:1 | Gained mutation: You are very weak. (Str -4) [mutagenic meat]
 36254 | Vaults:1 | Noticed Nikola
 36261 | Vaults:1 | Killed Nikola
 36559 | Vaults:1 | Lost mutation: You are agile. (Dex +2) [mutagenic meat]
 36560 | Vaults:1 | Gained mutation: You are covered in fur. (AC +1) [mutagenic meat]
 36591 | Vaults:1 | Noticed Jorgrun
 36598 | Vaults:1 | Killed Jorgrun
 36690 | Vaults:1 | Received a gift from Okawaru
 36956 | Vaults:2 | Gained mutation: You are somewhat resistant to further mutation. [mutagenic meat]
 36957 | Vaults:2 | Gained mutation: You have supernaturally acute eyesight. (SInv) [mutagenic meat]
 36958 | Vaults:2 | Lost mutation: You are dopey. (Int -2) [mutagenic meat]
 37077 | Vaults:2 | Received a gift from Okawaru
 37809 | Vaults:2 | Reached skill level 25 in Axes
 38050 | Vaults:2 | Found Bairhe's Weapon Boutique.
 38347 | Vaults:2 | Reached skill level 5 in Necromancy
 38747 | Vaults:3 | Found a sacrificial altar of Ru.
 38766 | Vaults:3 | Reached XP level 20. HP: 193/193 MP: 30/30
 38883 | Vaults:3 | Received a gift from Okawaru
 39207 | Vaults:3 | Noticed Mennas
 39249 | Vaults:3 | Killed Mennas
 39249 | Vaults:3 | Received a gift from Okawaru
 39762 | Vaults:3 | Found Micwuem's Jewellery Emporium.
 39783 | Vaults:3 | Bought an uncursed amulet of faith for 720 gold pieces
 39885 | Vaults:3 | Found a staircase to the Crypt.
 39885 | Vaults:3 | Found an ancient bone altar of Kikubaaqudgha.
 39888 | Vaults:3 | Found a basalt altar of Yredelemnul.
 40339 | Vaults:4 | Received a gift from Okawaru
 40342 | Vaults:4 | Got a pitted battleaxe {god gift}
 40351 | Vaults:4 | Identified the +5 battleaxe "Educu" {speed, Str+4} (Okawaru gifted it to you on level 4 of the Vaults)
 40878 | Vaults:4 | Reached skill level 26 in Axes
 41103 | Vaults:4 | Found Plog's Distillery.
 41115 | Vaults:4 | Bought a potion of haste for 190 gold pieces
 41115 | Vaults:4 | Bought a potion of haste for 190 gold pieces
 41115 | Vaults:4 | Bought a potion of haste for 190 gold pieces
 41115 | Vaults:4 | Bought a potion of might for 76 gold pieces
 41187 | Vaults:4 | Gained mutation: You tend to lose your temper in combat. [mutagenic meat]
 41288 | Vaults:4 | Lost mutation: Your flesh is heat resistant. (rF+) [potion of mutation]
 41288 | Vaults:4 | Lost mutation: You have sharp toenails. [potion of mutation]
 41288 | Vaults:4 | Lost mutation: You are covered in fur. (AC +1) [potion of mutation]
 41288 | Vaults:4 | Lost mutation: You tend to lose your temper in combat. [potion of mutation]
 41584 | Depths:1 | Entered Level 1 of the Depths
 41591 | Depths:1 | Reached skill level 10 in Dodging
 41591 | Depths:1 | Reached XP level 21. HP: 69/204 MP: 27/32
 41760 | Depths:1 | Lost mutation: You are partially covered in iridescent scales. (AC +2) [mutagenic meat]
 41762 | Depths:1 | Gained mutation: [You are frail. (-10% HP)] [mutagenic meat]
 41763 | Depths:1 | Lost mutation: [You are frail. (-10% HP)] [mutagenic meat]
 41821 | Depths:1 | Found a gateway to Hell.
 41920 | Depths:1 | Found a magical portal.
 41925 | WizLab   | Entered Iskenderun's Mystic Tower
 42025 | WizLab   | Received a gift from Okawaru
 43231 | WizLab   | Identified Iskenderun's Collected Works on Conjuration
 43231 | WizLab   | Identified Iskenderun's Reference Book on Arcane Weapons
 43254 | WizLab   | Upgraded the game from 0.21-a0-405-gf2af9a1 to 0.21-a0-414-gba8bdf1
 43263 | WizLab   | Learned a level 2 spell: Song of Slaying
 43432 | Depths:1 | Received a gift from Okawaru
 43645 | Elf:1    | Entered Level 1 of the Elven Halls
 43684 | Elf:1    | Noticed Asterion
 43757 | Elf:1    | Killed Asterion
 43932 | Elf:1    | Identified the Guide on Necromancy
 43971 | Elf:1    | Gained mutation: You are somewhat resistant to both further mutation and mutation removal. [mutagenic meat]
 43973 | Elf:1    | Gained mutation: You have a somewhat thin skeletal structure. (Dex +2, Stealth) [mutagenic meat]
 44217 | Elf:2    | Found a shimmering altar of Xom.
 44306 | Elf:2    | Found a runed gate.
 44306 | Elf:2    | Found a runed gate.
 44308 | Elf:2    | Found a runed gate.
 44548 | Elf:2    | Found a deep blue altar of Sif Muna.
 44708 | Elf:2    | Received a gift from Okawaru
 45099 | Elf:3    | Entered Level 3 of the Elven Halls
 45242 | Elf:3    | Found Gituolai's Armour Emporium.
 45629 | D:5      | Bought a book of Transfigurations for 550 gold pieces
 45636 | D:5      | Learned a level 6 spell: Statue Form
 45947 | Elf:3    | Received a gift from Okawaru
 45966 | Elf:3    | Got a pair of crude boots {god gift}
 45977 | Elf:3    | Identified the +0 pair of boots of Diceun {rF++} (Okawaru gifted it to you on level 3 of the Elven Halls)
 46144 | Elf:3    | Reached skill level 1 in Transmutations
 46144 | Elf:3    | Reached skill level 1 in Earth Magic
 46455 | Elf:3    | Reached XP level 22. HP: 215/215 MP: 34/34
 46537 | Elf:3    | Got a faintly glowing bone ring
 46660 | Elf:3    | Identified the ring of Foolhardiness {rN+ Str+2} (You took it off a deep elf death mage on level 3 of the Elven Halls)
 46784 | Elf:3    | Got a smoking chain mail
 46793 | Elf:3    | Identified a scroll of acquirement
 46794 | Elf:3    | Identified the cursed +1 chain mail "Racveer" {Str+2} (You took it off a deep elf high priest on level 3 of the Elven Halls)
 47285 | Elf:3    | Got ichor-stained steam dragon scales
 47311 | Elf:3    | Identified the +1 steam dragon scales "Achoer" {rPois rC+ rN+} (You took it off a deep elf death mage on level 3 of the Elven Halls)
 47381 | Elf:3    | Identified the Incunabulum of the Dark Glacier
 47396 | Elf:3    | Identified the Handbook of Attacks
 47854 | Depths:1 | Found a runed door.
 48230 | Depths:2 | Received a gift from Okawaru
 48257 | Depths:2 | Gained mutation: You are partially covered in yellow scales. (AC +2) [mutagenic meat]
 48260 | Depths:2 | Got a slimy battleaxe {god gift}
 48261 | Depths:2 | Identified the +6 battleaxe "Migiolum" {chop, rN+++} (Okawaru gifted it to you on level 2 of the Depths)
 48358 | Depths:2 | Found a one-way gate to the infinite horrors of the Abyss.
 48565 | Depths:2 | Noticed a golden dragon
 48575 | Depths:2 | Killed a golden dragon
 48672 | Depths:2 | Received a gift from Okawaru
 48680 | Depths:2 | Reached skill level 10 in Spellcasting
 48838 | Depths:2 | Found the +3 pair of gauntlets of War {Slay+5}
 49011 | Depths:2 | Noticed a juggernaut
 49018 | Depths:2 | Killed a juggernaut
 49029 | Depths:2 | Gained mutation: [Your magical capacity is low. (-10% MP)] [mutagenic meat]
 49051 | Depths:2 | Received a gift from Okawaru
 49066 | Depths:2 | Gained mutation: You have sharp fingernails. [mutagenic meat]
 49112 | Depths:2 | Reached XP level 23. HP: 225/225 MP: 10/32
 49465 | Depths:3 | Reached skill level 5 in Transmutations
 49512 | Depths:3 | Reached skill level 5 in Earth Magic
 49828 | Depths:3 | Found a runed door.
 49880 | Depths:3 | Learned a level 8 spell: Controlled Blink
 50319 | Depths:4 | Received a gift from Okawaru
 50328 | Depths:4 | Got a pair of brightly glowing boots {god gift}
 50343 | Depths:4 | Identified the +1 pair of boots of the Catamount {Stlth+} (Okawaru gifted it to you on level 4 of the Depths)
 50432 | Depths:4 | Noticed a caustic shrike
 50436 | Depths:4 | Killed a caustic shrike
 51051 | Depths:5 | Entered Level 5 of the Depths
 51076 | Depths:5 | Found a gateway to a ziggurat.
 51257 | Depths:5 | Gained mutation: You have very sharp fingernails. [mutagenic meat]
 51332 | Depths:5 | Found Ryemave's Jewellery Shoppe.
 51332 | Depths:5 | Found Ekobud's Gadget Shop.
 51343 | Depths:5 | Found Onlok's Jewellery Shoppe.
 51349 | Depths:5 | Bought the ring "Obrehiag" {-Tele +Fly Dex+6 Slay+5 SInv} for 850 gold pieces
 51401 | Depths:5 | Reached skill level 15 in Dodging
 51447 | Depths:5 | Received a gift from Okawaru
 51516 | Depths:5 | Reached XP level 24. HP: 194/236 MP: 33/33
 51869 | Depths:5 | Found a gate to the Realm of Zot.
 51956 | Depths:5 | Found a portal to a secret trove of treasure.
 52743 | Depths:5 | You paid a toll of Fen Folio to enter a treasure trove
 52744 | Trove    | Entered a treasure trove
 52757 | Trove    | Got a shimmering battleaxe
 52758 | Trove    | Identified the +0 battleaxe of Sunlight {elec, *Drain rPois rN+++ Str+3} (You found it in a treasure trove)
 52762 | Trove    | Got a crude tin amulet
 52763 | Trove    | Identified the amulet of Autumn {RegenMP rElec} (You found it in a treasure trove)
 52765 | Trove    | Got a bound garnet amulet
 52766 | Trove    | Identified the amulet "Obogiorghu" {+Rage +Inv Str+3 SInv} (You found it in a treasure trove)
 52769 | Trove    | Got a pitted bone ring
 52771 | Trove    | Identified the ring "Istratot" {*Slow MR+++ EV+1 Dex+3 SInv} (You found it in a treasure trove)
 53190 | Temple   | Fell from the grace of Okawaru
 53190 | Temple   | Became a worshipper of the Shining One
 53575 | Crypt:1  | Entered Level 1 of the Crypt
 53607 | Crypt:1  | Found a shimmering altar of Xom.
 53676 | Crypt:1  | Reached * piety under the Shining One
 53689 | Crypt:1  | Reached ** piety under the Shining One
 53834 | Crypt:1  | Reached *** piety under the Shining One
 54012 | Crypt:1  | Reached **** piety under the Shining One
 54579 | Crypt:2  | Reached ***** piety under the Shining One
 54876 | Crypt:3  | Entered Level 3 of the Crypt
 55413 | Crypt:3  | Reached ****** piety under the Shining One
 55564 | Crypt:3  | Noticed an ancient lich
 55565 | Crypt:3  | Noticed an ancient lich
 55565 | Crypt:3  | Noticed an ancient lich
 55569 | Crypt:3  | Identified the Disquisition on Stolen Souls
 55573 | Crypt:3  | Got a brightly glowing emerald amulet
 56764 | Crypt:3  | Found a staircase to the Tomb.
 56897 | Crypt:3  | Identified the amulet of Fesomaj {Inacc MR+} (You found it on level 3 of the Crypt)
 57057 | Crypt:3  | Killed an ancient lich
 57078 | Crypt:3  | Killed an ancient lich
 57093 | Crypt:3  | Killed an ancient lich
 57667 | Temple   | Identified a +6 executioner's axe of holy wrath (a +4 executioner's axe of venom blessed by the Shining One)
 57667 | Temple   | Received a gift from the Shining One
 57684 | Temple   | Fell from the grace of the Shining One
 57684 | Temple   | Became a worshipper of Makhleb the Destroyer
 58040 | Depths:2 | Voluntarily entered the Abyss.
 58332 | Abyss:2  | Found a corrupted altar of Lugonu.
 58534 | Abyss:2  | Reached * piety under Makhleb
 58628 | Abyss:2  | Gained mutation: You are dopey. (Int -2) [mutagenic meat]
 58633 | Abyss:2  | Lost mutation: You are very weak. (Str -4) [mutagenic meat]
 58785 | Abyss:2  | Reached ** piety under Makhleb
 58792 | Abyss:2  | Lost intelligence.
 58901 | Abyss:2  | Reached XP level 25. HP: 226/245 MP: 34/34
 58975 | Abyss:3  | Found a corrupted altar of Lugonu.
 58999 | Abyss:3  | Found a corrupted altar of Lugonu.
 59018 | Abyss:3  | Gained mutation: You do not regenerate when monsters are visible. [a neqoxec]
 59021 | Abyss:3  | Gained mutation: Your spells are a little easier to cast, but a little less powerful. [mutagenic glow]
 59029 | Abyss:3  | Lost mutation: Your spells are a little easier to cast, but a little less powerful. [mutagenic meat]
 59080 | Abyss:3  | Identified the +3 chain mail "Qeter" {Str+3 SInv} (You found it on level 3 of the Abyss)
 59088 | Abyss:3  | Reached *** piety under Makhleb
 59122 | Abyss:3  | Paralysed by accursed screaming for 1 turns
 59165 | Abyss:3  | Gained mutation: [You are frail. (-10% HP)] [mutagenic glow]
 59350 | Abyss:3  | Reached **** piety under Makhleb
 59371 | Abyss:3  | Lost mutation: You are weak. (Str -2) [mutagenic meat]
 59457 | Abyss:3  | Paralysed by accursed screaming for 1 turns
 59479 | Abyss:3  | Mangled by a titan

Vault maps used:
D:1:      eino_arrival_water_cross, minmay_octomino_e4
D:2:      grunt_ministairs_11
D:3:      cheibrodos_sewer_entry_drain, first_bread, uniq_grinder, uniq_jessica,
          uniq_robin
D:4:      minmay_temple_entry_overgrown, minmay_misc_feat_five,
          grunt_ministairs_10
D:5:      serial_shops, shop, roderic_roman_lattice, kennysheep_boxes
D:6:      grunt_dithmenos_smoke, serial_shops, shop
D:7:      grunt_livestock, kennysheep_generic_room_11
D:8:      serial_shops, shop, kennysheep_mini_moat, shop, nicolae_shop_stone,
          shop, uniq_pikel
D:9:      lair_entry_dummy
D:10:     orc_0_dummy, hangedman_abyss_or_decor_stagger
D:11:     basic_altar, lab_entry_generic, hangedman_minor_magic, uniq_urug
D:12:     nicolae_water_bricks, kennysheep_kite_vault
D:13:     serial_glass, glass_columns_b, glass_columns_a, glass_columns_c,
          glass_columns_a, glass_columns_a, glass_columns_a,
          nicolae_gozag_cash_rules_everything_around_me
D:14:     lightli_vaults_fourway_checkpoint, serial_bayou_pond_d,
          onia_ninara_cookie
D:15:     grunt_enter_depths_snipers, serial_bayou_pond_b, uniq_josephine,
          uniq_nessos, uniq_rupert
Temple:   grunt_wide_crystal_templ
Lair:1:   st_stairs_10, lemuel_fruit_fields, serial_bayou_shore_b,
          grunt_megastairs_1
Lair:2:   dummy_spider_entry, hangedman_lair_unloving_vines
Lair:3:   grunt_megastairs_5
Lair:4:   minmay_shoals_entry_hut, serial_bayou_lagoon_b
Lair:5:   infiniplex_staircase_pool_2
Lair:6:   wormcave, guppyfry_lair_end_dragon, minmay_slime_entry_jelly_boxes,
          serial_bayou_shore_a, infiniplex_staircase_pool
Shoals:2: portal_ice_cave_entry_pillars_four
Shoals:3: cheibrodos_shoals_oceanic_diplomacy, nicolae_shoals_square_sea_wall,
          uniq_mara
Shoals:4: shoals_end_hangedman, shoal_ilsuiw, serial_shops, nicolae_shop_stone,
          uniq_louise
Spider:1: guppyfry_spider_mini_1
Spider:2: spider_trap, einodemon_crawler_minivault
Spider:3: hive_lemuel, uniq_kirke
Spider:4: floodkiller_spider_rune_tomb, nicolae_spider_circle_web
Orc:1:    serial_shops, nicolae_shop_stone
Orc:2:    pf_orc_diabolical, nicolae_orc_stony_grotto, uniq_saint_roka
Elf:1:    minmay_elf_necromancy, solitary_fountain, uniq_asterion
Elf:2:    basic_altar, david_defended_altar_elf
Elf:3:    minmay_elf_hall_x, serial_shops, shop, kilobyte_rumbling_trees
Vaults:1: nicolae_vaults_circle_grid_b, vaults_dpeg_cross, v_misc_29,
          grunt_vaults_diagonal, vaults_standard_mumra_enter_the_diamond,
          nicolae_vaults_theta, ontoclasm_vaults_ligature, v_misc_14,
          vaults_mumra_hexcomb, grunt_vaults_hallway_short, special_room_vaults,
          uniq_jorgrun, uniq_nikola
Vaults:2: nicolae_vaults_big_angled_halls, v_pattern_5, vaults_room_octagon,
          grunt_vaults_twisty, v_rooms_6, ontoclasm_vaults_gateway, v_misc_25,
          nicolae_vaults_bisected_inception, nicolae_vaults_little_squares_3,
          nicolae_vaults_windows_and_doors_thing, hangedman_vaults_trim,
          serial_shops, nicolae_shop_behind_doors
Vaults:3: v_misc_24, nicolae_vaults_meeting, v_misc_10, grunt_vaults_funnel,
          v_misc_11, minmay_crypt_entry_necro_gods, basic_altar, serial_shops,
          nicolae_shop_temple_entry_statues_fountains, uniq_mennas
Vaults:4: ontoclasm_vaults_misaligned, vaults_room_pools, v_misc_16,
          serial_ice_b, nicolae_vaults_branching_niches, ontoclasm_vaults_pinch,
          hangedman_vaults_cutoff, ontoclasm_vaults_hangar, v_pattern_3,
          serial_shops, shop
Crypt:1:  basic_altar, small_chamber_with_monster, st_burial_chamber
Crypt:3:  david_glass_crypt, nicolae_tomb_entry_unfolded_pyramid_diagonal
Depths:1: mu_enter_wizlab_4, roderic_serpentine_path, pf_hell_entry_tar_spiral,
          grunt_ministairs_8, kennysheep_treasure_room
Depths:2: nooodl_heptagram, serial_sigils, serial_sigils_hangedman_shear,
          serial_sigils_hangedman_confine, serial_sigils_hangedman_writhe,
          hell_entry, abyss_entry
Depths:3: minmay_the_grid_triangle_9x9_recursive_2, pan_entry, special_room,
          grunt_metal_band, kennysheep_donut, small_statue_intersection
Depths:4: minmay_strange_plus, abyss_entry, hell_entry
Depths:5: grunt_zot_entry_gee_three, enter_ziggurat_d, enter_trove_5,
          pf_vacation_house_of_asmodeus, minmay_shop_grove
Abyss:3:  evilmike_abyss_exit_2, abyss_greek_temple
Lab:      nicolae_lab_dead_adventurers, nicolae_lab_grate, nicolae_lab_plus
Trove:    trove_simple
Sewer:    sewer_fruit_machine
IceCv:    ice_cave_caverns_02
WizLab:   wizlab_iskenderun

Skill      XL: |  1  2  3  4  5  6  7  8  9 10 11 12 13 14 15 16 17 18 19 20 21 22 23 24 25 |
---------------+----------------------------------------------------------------------------+-----
Axes           | 3 4 5 6 7 8 10 12 14 16 17 18 19 21 23 24 25 26 | 26.1
Fighting       | 4 5 7 9 10 12 14 16 17 18 19 20 21 22 23 24 | 24.5
Armour         | 7 10 12 13 14 15 16 17 | 17.8
Dodging        | 1 2 4 6 7 9 10 12 14 15 17 | 17.4
Invocations    | 1 |  1.1
Spellcasting   | 2 4 5 6 7 8 9 10 11 12 | 12.0
Charms         | 1 3 4 5 6 |  6.3
Necromancy     | 1 2 4 5 6 7 |  7.2
Summonings     | 1 3 4 |  4.5
Transmutations | 1 4 6 8 |  8.0
Earth Magic    | 1 4 6 8 |  8.0
Shields        | |  3.6

Action                   |  1- 3 |  4- 6 |  7- 9 | 10-12 | 13-15 | 16-18 | 19-21 | 22-24 | 25-27 || total
-------------------------+-------+-------+-------+-------+-------+-------+-------+-------+-------++-------
Melee: War axe           |    85 |   159 |   129 |   378 |  1247 |    81 |       |       |       ||  2079
       Headbutt          |    12 |    27 |    44 |    81 |   390 |   369 |   365 |   464 |    45 ||  1797
       Broad axe         |       |       |   123 |     7 |       |       |       |       |       ||   130
       Battleaxe         |       |       |       |       |       |   995 |   524 |  1092 |       ||  2611
       Executioner's axe |       |       |       |       |       |       |   524 |   133 |   164 ||   821
 Cast: Regeneration      |       |       |       |       |       |   113 |   243 |   160 |     6 ||   522
       Song of Slaying   |       |       |       |       |       |       |       |     5 |     1 ||     6
       Statue Form       |       |       |       |       |       |       |       |     1 |       ||     1
Invok: Heroism           |       |       |       |     5 |    16 |    14 |    13 |     5 |       ||    53
       Finesse           |       |       |       |       |     3 |     3 |     3 |       |       ||     9
       Brand Weapon With |       |       |       |       |       |       |       |     1 |       ||     1
 Abil: End Transformatio |       |       |       |       |       |       |       |     1 |       ||     1
Evoke: Wand              |       |       |       |       |    11 |     1 |       |     1 |       ||    13
  Use: Potion            |       |     2 |       |     2 |     1 |     1 |     1 |     2 |       ||     9
       Scroll            |       |       |     9 |     8 |    11 |    14 |     5 |    18 |     1 ||    66
 Stab: Distracted        |       |       |       |       |       |     2 |     6 |     3 |       ||    11
       Sleeping          |       |       |       |       |       |     2 |     3 |     2 |       ||     7
  Eat: Chunk             |       |     7 |    12 |    15 |    41 |    40 |   102 |    79 |    14 ||   310
       Fruit             |       |       |       |     6 |     6 |    17 |     1 |     5 |       ||    35
       Royal jelly       |       |       |       |       |       |     1 |     8 |     7 |       ||    16
       Meat ration       |       |       |       |       |       |       |       |     2 |     1 ||     3
Armor: Scale mail        |    22 |       |       |       |       |       |       |       |       ||    22
       Chain mail        |    45 |    86 |    98 |   128 |   431 |    39 |       |       |       ||   827
       Skin              |       |       |       |    18 |       |       |       |       |       ||    18
       Ring mail         |       |       |       |       |       |   369 |   150 |   202 |    31 ||   752
Dodge: Dodged            |    21 |    36 |    31 |    51 |   314 |   828 |   663 |  1014 |   139 ||  3097
Block: Shield            |    59 |    87 |   101 |   152 |   576 |    76 |       |       |       ||  1051
       Other             |       |       |       |       |       |   161 |   114 |   146 |    16 ||   437

Table legend:
 A = Spawn XP
 B = Non-spawn XP
 C = Spawn XP percentage of total XP
 D = Spawn monster count
 E = Non-spawn monster count
 F = Spawn count percentage of total count
 G = Total turns spent on level
                    A         B        C        D         E        F      G
               +---------+---------+-------+---------+---------+-------+---------
         Total |   20256 | 1173475 |   1.7 |      48 |    2406 |   2.0 | 59479
               +---------+---------+-------+---------+---------+-------+---------
           D:1 |       0 |      42 |   0.0 |       0 |      23 |   0.0 |   530
           D:2 |       0 |      87 |   0.0 |       0 |      26 |   0.0 |   876
           D:3 |       0 |     562 |   0.0 |       0 |      37 |   0.0 |  1133
           D:4 |       0 |     466 |   0.0 |       0 |       6 |   0.0 |   891
           D:5 |       0 |     774 |   0.0 |       0 |      23 |   0.0 |  1362
           D:6 |       0 |     491 |   0.0 |       0 |      15 |   0.0 |   590
           D:7 |       0 |    2124 |   0.0 |       0 |      39 |   0.0 |  1583
           D:8 |       0 |    3492 |   0.0 |       0 |      33 |   0.0 |   735
           D:9 |       0 |    1946 |   0.0 |       0 |      20 |   0.0 |  1046
          D:10 |       0 |    1594 |   0.0 |       0 |      17 |   0.0 |  1040
          D:11 |       0 |    9789 |   0.0 |       0 |      57 |   0.0 |  1125
          D:12 |       0 |    8823 |   0.0 |       0 |      64 |   0.0 |  1074
          D:13 |       0 |   11385 |   0.0 |       0 |      67 |   0.0 |   736
          D:14 |       0 |   22533 |   0.0 |       0 |      72 |   0.0 |  1402
          D:15 |       0 |   21189 |   0.0 |       0 |      41 |   0.0 |  1165
        Lair:1 |       0 |    4511 |   0.0 |       0 |      17 |   0.0 |   923
        Lair:2 |       0 |    6283 |   0.0 |       0 |      21 |   0.0 |   867
        Lair:3 |       0 |   10315 |   0.0 |       0 |      31 |   0.0 |  1249
        Lair:4 |       0 |    5948 |   0.0 |       0 |      16 |   0.0 |  1473
        Lair:5 |       0 |   10286 |   0.0 |       0 |      35 |   0.0 |  1436
        Lair:6 |       0 |   23678 |   0.0 |       0 |      91 |   0.0 |  1764
      Shoals:1 |       0 |   16538 |   0.0 |       0 |      35 |   0.0 |   884
      Shoals:2 |       0 |   11218 |   0.0 |       0 |      25 |   0.0 |   675
      Shoals:3 |       0 |   29588 |   0.0 |       0 |      45 |   0.0 |  1127
      Shoals:4 |       0 |   50048 |   0.0 |       0 |      75 |   0.0 |  1326
      Spider:1 |       0 |    9104 |   0.0 |       0 |      37 |   0.0 |  1205
      Spider:2 |       0 |   22656 |   0.0 |       0 |      67 |   0.0 |  1523
      Spider:3 |       0 |   18795 |   0.0 |       0 |      58 |   0.0 |  1082
      Spider:4 |       0 |   43058 |   0.0 |       0 |      81 |   0.0 |  2171
         Orc:1 |       0 |    7174 |   0.0 |       0 |      28 |   0.0 |   779
         Orc:2 |       0 |   19981 |   0.0 |       0 |     103 |   0.0 |  2795
         Elf:1 |       0 |   14748 |   0.0 |       0 |      20 |   0.0 |   674
         Elf:2 |       0 |   30023 |   0.0 |       0 |      38 |   0.0 |   961
         Elf:3 |       0 |   65596 |   0.0 |       0 |      63 |   0.0 |  1930
      Vaults:1 |       0 |   41455 |   0.0 |       0 |      87 |   0.0 |  1195
      Vaults:2 |       0 |   49023 |   0.0 |       0 |     104 |   0.0 |  2157
      Vaults:3 |       0 |   60087 |   0.0 |       0 |      78 |   0.0 |  1420
      Vaults:4 |       0 |   52669 |   0.0 |       0 |      74 |   0.0 |  1262
       Crypt:1 |       0 |   23184 |   0.0 |       0 |      49 |   0.0 |   746
       Crypt:2 |       0 |   12325 |   0.0 |       0 |      20 |   0.0 |  1108
       Crypt:3 |       0 |   65448 |   0.0 |       0 |      58 |   0.0 |  1855
      Depths:1 |       0 |   29230 |   0.0 |       0 |      38 |   0.0 |   894
      Depths:2 |       0 |   84838 |   0.0 |       0 |      77 |   0.0 |  1308
      Depths:3 |       0 |   54942 |   0.0 |       0 |      70 |   0.0 |   837
      Depths:4 |       0 |   35634 |   0.0 |       0 |      33 |   0.0 |   943
      Depths:5 |       0 |   75638 |   0.0 |       0 |      58 |   0.0 |   984
       Abyss:1 |     309 |    1996 |  13.4 |       1 |       6 |  14.3 |   135
       Abyss:2 |   15275 |   19139 |  44.4 |      24 |      46 |  34.3 |   745
       Abyss:3 |    4672 |   39163 |  10.7 |      23 |      68 |  25.3 |   559
           Lab |       0 |    1834 |   0.0 |       0 |       5 |   0.0 |   443
         Sewer |       0 |      41 |   0.0 |       0 |      15 |   0.0 |   287
         IceCv |       0 |    9914 |   0.0 |       0 |      59 |   0.0 |   903
        WizLab |       0 |   32070 |   0.0 |       0 |      35 |   0.0 |  1376
               +---------+---------+-------+---------+---------+-------+---------
